 Dungeon Crawl Stone Soup version 0.31-a0-108-gdf935468f2 (webtiles) character file.

Game seed: 2876927774391749495

1680101 PaperRat the Marksspriggan (level 25, 129/129 HPs)
             Began as a Spriggan Artificer on May 26, 2023.
             Was the Champion of Dithmenos.
             Escaped with the Orb
             ... and 3 runes on May 27, 2023!
             The game lasted 05:22:17 (66891 turns).

PaperRat the Marksspriggan (Spriggan Artificer)    Turns: 66891, Time: 05:22:17

Health: 129/129    AC: 23    Str: 12    XL:     25   Next: 88%
Magic:  38/38      EV: 34    Int: 30    God:    Dithmenos [******]
Gold:   4224       SH: 16    Dex: 24    Spells: 4/44 levels left

rFire   + + +        a - +11 hand crossbow of the Evil Eye {penet, rF+ Int+5}
rCold   + . .        U - +3 buckler {rC+}
rNeg    . . .        N - quicksilver dragon scales of Jigsaw {Will+ Int+3}
rPois   +            Y - +2 hat
rElec   +            D - scarf {repulsion}
rCorr   .            (gloves unavailable)
SInv    +            (boots unavailable)
Will    +++++        k - amulet of reflection
Stlth   ++++         G - ring "Fakkore" {Contam rElec rPois rF+++ Int+6 Slay+3}
HPRegen 0.41/turn    M - ring "Ihuam" {Contam AC+4 Str+4, =R}
MPRegen 0.26/turn

%: repel missiles, reflection
@: wreathed by umbra, very quick
A: very small, no large weapons, unfitting armour, see invisible, speed 3,
iridescent scales 2, frail 1, sense surroundings 1, wild magic 1
0: Orb of Zot
}: 3/15 runes: decaying, serpentine, slimy
a: Renounce Religion, Shadow Step, Shadow Form


You escaped.
You worshipped Dithmenos.
Dithmenos was exalted by your worship.
You visited 12 branches of the dungeon, and saw 55 of its levels.
You also visited: Ossuary, Ice Cave, Volcano and Desolation.

You collected 7449 gold pieces.
You spent 3225 gold pieces at shops.

Inventory:

Hand Weapons
 a - the +11 hand crossbow of the Evil Eye (weapon) {penet, rF+ Int+5}
   (You acquired it on level 1 of the Dungeon)

   Int:       It affects your intelligence (+5).
   rF:        It protects you from fire.
 w - the +7 hand crossbow "Newtbane" {penet, *Slow rN+ Will+}
   (You acquired it on level 3 of the Crypt)

   rN:        It protects you from negative energy.
   *Slow:     It may slow you when you take damage.
   Will:      It increases your willpower.
Missiles
 l - a throwing net {!f}
 Q - 9 curare-tipped darts (quivered)
Armour
 o - a +2 cloak of preservation
 D - a scarf of repulsion (worn)
 L - a scarf of invisibility
 N - the quicksilver dragon scales of Jigsaw (worn) {Will+ Int+3}
   (You found it in the Desolation of Salt)

   Int:       It affects your intelligence (+3).
   Will:      It increases your willpower.
 U - a +3 buckler of cold resistance (worn)
 Y - a +2 hat (worn)
Jewellery
 f - a ring of wizardry
 k - an amulet of reflection (around neck)
 r - a ring of positive energy
 G - the ring "Fakkore" (left hand) {Contam rElec rPois rF+++ Int+6 Slay+3}
   (You found it in the Desolation of Salt)

   [ring of intelligence]

   Int:       It affects your intelligence (+6).
   Slay:      It affects your accuracy & damage with ranged weapons and melee
   (+3).
   rF:        It renders you almost immune to fire.
   rElec:     It insulates you from electricity.
   rPois:     It protects you from poison.
   Contam:    It causes magical contamination when unequipped.
 M - the ring "Ihuam" (right hand) {Contam AC+4 Str+4, =R}
   (You bought it in a shop on level 9 of the Dungeon)

   [ring of protection]

   AC:        It affects your AC (+4).
   Str:       It affects your strength (+4).
   Contam:    It causes magical contamination when unequipped.
 O - the ring "Wotter" {rF+ EV+5 Int+5}
   (You found it on level 14 of the Dungeon)

   [ring of evasion]

   EV:        It affects your evasion (+5).
   Int:       It affects your intelligence (+5).
   rF:        It protects you from fire.
Wands
 b - a wand of iceblast (35)
 c - a wand of acid (31)
 d - a wand of digging (21)
 m - a wand of polymorph (30)
 n - a wand of paralysis (25)
 z - a wand of mindburst (31)
 J - a wand of charming (6)
Scrolls
 h - 5 scrolls of fear {@r4}
 q - 5 scrolls of fog {@r2}
 C - 9 scrolls of enchant armour
 F - 5 scrolls of silence
 H - 12 scrolls of butterflies
 P - 7 scrolls of vulnerability
 R - 6 scrolls of blinking {@r5}
 S - 20 scrolls of teleportation {@r3}
 V - 7 scrolls of immolation
 W - 10 scrolls of poison
Potions
 e - 3 potions of magic
 g - a potion of mutation {@q6}
 i - 11 potions of heal wounds {@q2}
 j - 5 potions of resistance
 p - 15 potions of curing {@q1}
 y - 7 potions of ambrosia
 A - 6 potions of brilliance {@q5}
 B - 3 potions of haste {@q4}
 E - 5 potions of enlightenment
 K - 7 potions of lignification
 T - 4 potions of invisibility
 X - 7 potions of cancellation
Miscellaneous
 s - a tin of tremorstones (2/2)
 u - a phantom mirror
 v - a box of beasts (inert)
 x - a lightning rod (4/4)
 I - a phial of floods


   Skills:
 + Level 19.0 Fighting
 - Level 20.0 Ranged Weapons
 - Level 10.0 Armour
 - Level 20.0 Dodging
 + Level 15.1 Stealth
 - Level 10.0 Shields
 - Level 10.0 Spellcasting
 - Level 12.0 Hexes
 - Level 16.0 Summonings
 - Level 20.0 Translocations
 - Level 10.0 Transmutations
 + Level 3.6 Invocations
 - Level 20.0 Evocations


You had 4 spell levels left.
You knew the following spells:

 Your Spells              Type           Power      Damage    Failure   Level
a - Yara's Violent Unrav  Hex/Tmut       40%        3d16      4%          5
b - Iskenderun's Mystic   Conj/Tloc      78%        2d16      2%          4
c - Summon Mana Viper     Hex/Summ       91%        N/A       1%          5
d - Malign Gateway        Summ/Tloc      51%        N/A       7%          7
e - Passage of Golubria   Tloc           100%       N/A       1%          4
f - Summon Forest         Summ/Tloc      51%        N/A       1%          5
g - Passwall              Tmut/Erth      45%        N/A       3%          2
q - Portal Projectile     Hex/Tloc       100%       N/A       1%          3
t - Blink                 Tloc           100%       N/A       1%          2
v - Inner Flame           Hex/Fire       60%        N/A       4%          3

Your spell library contained the following spells:

 Spells                   Type           Power      Damage    Failure   Level
 Beastly Appendage        Tmut           100%       N/A       1%          1
 Summon Small Mammal      Summ           100%       N/A       1%          1
 Lesser Beckoning         Tloc           100%       N/A       1%          2
 Wereblood                Tmut           78%        N/A       1%          2
 Call Canine Familiar     Summ           97%        N/A       1%          3
 Gell's Gravitas          Tloc           100%       N/A       1%          3
 Summon Guardian Golem    Hex/Summ       91%        N/A       1%          3
 Teleport Other           Tloc           100%       N/A       1%          3
 Tukima's Dance           Hex            85%        N/A       1%          3
 Volatile Blastmotes      Fire/Tloc      100%       2d18      1%          3
 Manifold Assault         Tloc           100%       N/A       1%          4
 Dazzling Flash           Conj/Hex       100%       N/A       4%          3
 Summon Ice Beast         Ice/Summ       69%        N/A       5%          4
 Ignite Poison            Fire/Tmut/Pois 45%        N/A       11%         3
 Anguish                  Hex/Necr       30%        N/A       11%         4
 Fulminant Prism          Conj/Hex       30%        3d15      11%         4
 Leda's Liquefaction      Hex/Erth       30%        N/A       11%         4
 Foxfire                  Conj/Fire      76%        2x1d7     13%         1
 Kiss of Death            Conj/Necr      76%        2d11      13%         1
 Magic Dart               Conj           76%        1d6       13%         1
 Sandblast                Erth           38%        2d10      13%         1
 Ice Form                 Ice/Tmut       55%        N/A       16%         4
 Petrify                  Tmut/Erth      55%        N/A       16%         4
 Cigotuvi's Dreadful Rot  Necr/Pois/Air  38%        N/A       19%         2
 Poisonous Vapours        Pois/Air       38%        N/A       19%         2
 Searing Ray              Conj           38%        2d5       19%         2
 Sublimation of Blood     Necr           19%        N/A       19%         2
 Frozen Ramparts          Ice            38%        1d6       34%         3
 Hailstorm                Conj/Ice       19%        3d6       34%         3
 Mephitic Cloud           Conj/Pois/Air  19%        N/A       34%         3
 Ozocubu's Armour         Ice            19%        N/A       34%         3
 Stone Arrow              Conj/Erth      38%        3d9       34%         3
 Vampiric Draining        Necr           19%        2d7       34%         3
 Animate Dead             Necr           19%        N/A       71%         4
 Dispel Undead            Necr           19%        3d11      71%         4
 Flame Wave               Conj/Fire      19%        2d7       71%         4
 Sticky Flame             Conj/Fire      19%        2d4       71%         4
 Summon Cactus Giant      Summ           48%        N/A       3%          6
 Blade Hands              Tmut           39%        N/A       6%          5
 Monstrous Menagerie      Summ           48%        N/A       14%         7
 Summon Hydra             Summ           48%        N/A       14%         7
 Disjunction              Tloc           54%        N/A       22%         8
 Silence                  Hex/Air        30%        N/A       28%         5
 Irradiate                Conj/Tmut      27%        3d20      38%         5
 Summon Horrible Things   Summ           48%        N/A       69%         8
 Dragon Form              Tmut           39%        N/A       82%         7
 Statue Form              Tmut/Erth      36%        N/A       90%         6
 Fireball                 Conj/Fire      9%         3d6       96%         5
 Freezing Cloud           Conj/Ice/Air   9%         6-21      96%         5
 Lee's Rapid Deconstruct  Erth           9%         3d7*      96%         5
 Haunt                    Necr/Summ      34%        N/A       97%         7
 Spellforged Servitor     Conj/Summ      34%        N/A       97%         7
 Discord                  Hex            42%        N/A       99%         8
 Conjure Ball Lightning   Conj/Air       9%         3x3d6     100%        6
 Death Channel            Necr           9%         N/A       100%        6
 Leda's Unmaking          Conj/Erth      9%         9d2       100%        6
 Simulacrum               Ice/Necr       9%         N/A       100%        6
 Starburst                Conj/Fire      9%         6d5       100%        6
 Ozocubu's Refrigeration  Ice            9%         4d9       100%        7
 Storm Form               Tmut/Air       27%        N/A       100%        7
 Ignition                 Fire           9%         3d5       100%        8
 Infestation              Necr           9%         N/A       100%        8
 Lehudib's Crystal Spear  Conj/Erth      9%         10d4      100%        8
 Necromutation            Tmut/Necr      27%        N/A       100%        8
 Fire Storm               Conj/Fire      9%         8d3       100%        9


Dungeon Overview and Level Annotations

Branches:
Dungeon (15/15)            Temple (1/1) D:7            Lair (5/5) D:8
  Swamp (4/4) Lair:3        Snake (4/4) Lair:2        Slime (5/5) Lair:4
    Orc (2/2) D:11            Elf (3/3) Orc:2        Vaults (4/5) D:13
  Crypt (3/3) Vaults:3       Tomb (0/3) Crypt:3      Depths (4/4) D:15
    Zot (5/5) Depths:4    Ossuary (visited)           IceCv (visited)
Volcano (visited)         Desolation (visited)

Altars:
Ashenzari
Cheibriados
Dithmenos
Fedhas
Gozag
Hepliaklqana
Makhleb
Okawaru
Qazlal
Ru
Uskayaw
Wu Jian
Xom
Yredelemnul
Zin
Jiyva

Shops:
D:9 =   D:13 *   Orc:2 ![![   Elf:1 [[?(   Snake:4 (*   Vaults:2 [((*

Portals:
Hell: Depths:1 Depths:2 Depths:3 Depths:4
Abyss: Depths:3 Depths:4
Pandemonium: Depths:2
Ziggurat: Depths:3
Trove: Depths:3 (give 6 scrolls of fear)

Annotations:
Elf:2 3 runed translucent doors
Depths:1 4 transporters
Depths:2 4 transporters


Innate Abilities, Weirdness & Mutations

You are very small and have problems with some larger weapons.
You are too small for most types of armour.
You have supernaturally acute eyesight. (SInv)
You cover ground extremely quickly. (Speed+++)
You are mostly covered in iridescent scales. (AC +4)
You are frail. (-10% HP)
You passively map a small area around you.
Your spells are a little harder to cast, but a little more powerful.


Message History

You shoot a bolt.
The bolt pierces through the green death.
You kill the green death!
Dithmenos accepts your kill.
Your shadow shoots a bolt.
(D) Dungeon (T) Temple (L) Lair (S) Swamp (P) Snake Pit (M) Slime Pits (O) Orcish Mines (E) Elven Halls (V) Vaults (C) Crypt (W) Tomb (U) Depths (H) Hell (Z) Zot
Where to? (Enter - D:1 @ (x,y), ? - help)
There is a stone staircase leading up here.
You climb upwards.
There is a stone staircase leading down here.
There is a stone staircase leading up here.
You climb upwards.
There is a stone staircase leading down here.
There is a stone staircase leading up here.
Things that are here:
a +0 club; a +0 whip You climb upwards.
There is a stone staircase leading down here.
A sun demon comes into view.
You shoot a bolt.
The bolt pierces through the sun demon!!!
The sun demon is severely wounded.
Your shadow shoots a bolt.
The bolt hits the sun demon.
You shoot a bolt. The bolt pierces through the sun demon!
You kill the sun demon!
Dithmenos accepts your kill.
Your shadow shoots a bolt.
(D) Dungeon (T) Temple (L) Lair (S) Swamp (P) Snake Pit (M) Slime Pits (O) Orcish Mines (E) Elven Halls (V) Vaults (C) Crypt (W) Tomb (U) Depths (H) Hell (Z) Zot
Where to? (Enter - D:1 @ (x,y), ? - help)
A balrug and a sun demon come into view.
The balrug is wielding a +1 demon whip of electrocution.
The balrug moves out of view.
The sun demon moves out of view.
There is a staircase leading out of the dungeon here.
You have escaped!

##.#.....## #.# #.....#
#........## #.# ###.###
###.......##########.# #.#
###......##........# #.#
###.....########## #.# ##
###....## #.# .#
#########...## #.#
.###.......###..###########.#
.....#####...###@#..........#
.##### #.### ##############
.# #.# ##########.#
...........# ############


There were no monsters in sight!

Vanquished Creatures
  the Royal Jelly (Slime:5)
  A dread lich (Zot:5)
  An ancient lich (Zot:5)
  3 orbs of fire (Zot:5)
  4 Killer Klowns
  Frederick (Vaults:3)
  the Lernaean hydra (Swamp:4)
  Saint Roka (Vaults:3)
  A curse toe (Depths:4)
  4 caustic shrikes (Depths:4)
  A profane servitor (Crypt:2)
  4 golden dragons
  A spectral shard shrike (Crypt:3)
  An electric golem (Zot:5)
  A lich (Crypt:2)
  21 Orb Guardians (Zot:5)
  13 tentacled monstrosities
  Asterion (Vaults:3)
  A titan (Vaults:4)
  4 deep elf blademasters
  5 quicksilver dragons
  2 deep elf master archers (Elf:3)
  21 acid blobs
  6 ancient champions
  2 sphinxes
  4 death cobs
  An Executioner (Zot:1)
  4 shadow dragons
  4 revenants
  16 storm dragons
  A tengu reaver (Depths:4)
  3 draconian monks
  Donald (Swamp:2)
  A fenstrider witch (Swamp:2)
  11 vault wardens
  12 rockslimes
  3 fire giants
  14 azure jellies
  7 frost giants
  13 nagarajas (Snake:4)
  A ghost moth (shapeshifter) (Elf:3)
  2 deep elf sorcerers (Elf:3)
  4 draconian knights
  3 imperial myrmidons (Desolation)
  6 draconian shifters
  3 draconian scorchers
  Aizul (Elf:1)
  2 draconian stormcallers
  5 deep elf elementalists (Elf:3)
  A spectral caustic shrike (Crypt:3)
  2 curse skulls
  19 quicksilver oozes
  3 ghouls
  7 ironbound thunderhulks
  5 draconian annihilators
  3 war gargoyles
  12 very ugly things
  19 ironbound preservers
  An orc warlord (Vaults:3)
  2 caustic shrike skeletons (Crypt:3)
  14 stone giants
  12 green draconians
  3 vampire knights
  8 black draconians
  3 eleionomae
  12 deep elf annihilators
  A halazid warlock (Desolation)
  2 deep elf demonologists (Elf:3)
  14 white draconians
  11 purple draconians
  13 dire elephants
  4 bunyips
  11 yellow draconians
  9 red draconians
  2 formless jellyfish
  11 eidola
  A spectral quicksilver dragon (Crypt:3)
  3 yaktaur captains
  6 ettins
  3 green deaths
  3 spectral spriggans (Crypt:3)
  3 crystal guardians
  10 deep elf death magi
  2 shambling mangroves (Swamp:4)
  3 entropy weavers
  2 ragged hierophants (Desolation)
  A vault guard (Vaults:2)
  6 fire dragons
  2 fenstrider witch zombies (Crypt:2)
  11 great orbs of eyes
  Josephine (D:11)
  9 jiangshi
  3 deep elf high priests (Elf:3)
  3 hell beasts
  6 salamander tyrants
  9 servants of whispers (Desolation)
  20 hydras
  A quicksilver dragon skeleton (Depths:1)
  9 peacekeepers
  2 ogre magi
  3 ice dragons
  3 spriggan air magi
  A ghost crab (Swamp:3)
  8 anacondas
  9 alligators
  6 centaur warriors
  A spectral draconian (Crypt:3)
  10 dancing weapons
  7 ironbound frosthearts
  3 boulder beetles
  4 death knights
  6 catoblepae
  7 two-headed ogres
  6 deep troll earth magi
  13 naga sharpshooters
  15 naga warriors
  3 tengu warriors
  A spectral dire elephant (Crypt:3)
  3 vampire magi
  2 deep troll shamans
  17 death yaks
  2 shock serpents
  2 spectral storm dragons (Crypt:3)
  4 large abominations
  A spectral emperor scorpion (Crypt:3)
  5 orc high priests
  A thrashing horror (Swamp:4)
  5 spriggan berserkers
  6 deep elf knights
  A sun demon (D:1)
  A titan skeleton (Vaults:3)
  A titan zombie (Crypt:2)
  10 iron trolls
  42 skeletal warriors
  10 shadow wraiths
  A bunyip zombie (Crypt:3)
  A spectral anaconda (Crypt:3)
  4 skysharks
  9 goliath frogs
  Lodul (D:13)
  3 salamander mystics
  10 flayed ghosts
  A glowing orange brain (shapeshifter) (Vaults:4)
  40 deep trolls
  A quicksilver dragon simulacrum (Crypt:3)
  3 sea snakes
  A glowing orange brain (Slime:3)
  4 naga ritualists
  2 anaconda skeletons
  14 deep elf archers
  A golden dragon skeleton (Crypt:2)
  7 swamp dragons
  4 lindwurms
  11 bog bodies
  3 spriggan druids
  A shadow dragon zombie (Crypt:3)
  A bunyip skeleton (Crypt:1)
  12 phantasmal warriors
  9 wizards
  22 ironbound convokers
  9 necromancers
  An orange crystal statue (Snake:1)
  4 orc knights (Vaults:3)
  15 deep elf zephyrmancers
  6 mana vipers
  2 orc sorcerers
  25 salamanders
  29 ugly things
  20 deep elf pyromancers
  2 shining eyes
  A shadow dragon skeleton (Vaults:3)
  4 manticores
  A spectral ettin (Crypt:3)
  3 will-o-the-wisps (Swamp:4)
  2 spectral centaurs (Crypt:3)
  5 cyclopes
  2 frost giant skeletons
  10 elephants (Lair:2)
  A tengu skeleton (Vaults:3)
  26 moths of wrath
  2 fire giant skeletons
  14 guardian serpents
  An ice statue (IceCv)
  33 black mambas
  5 gargoyles
  2 torpor snails
  16 naga magi
  5 orange demons
  A molten gargoyle (Desolation)
  10 vault sentinels
  A dire elephant zombie (Crypt:2)
  3 stone giant skeletons
  An alligator snapping turtle zombie (Crypt:3)
  Joseph (D:7)
  6 eyes of devastation
  11 cane toads
  A sea snake zombie (Crypt:3)
  A rime drake (shapeshifter) (D:15)
  2 spriggan zombies
  3 rime drakes
  Psyche (D:8)
  Maggie (D:6)
  A swamp worm zombie (Crypt:1)
  A white draconian zombie (Crypt:3)
  The ghost of sastreii the Covert, a novice OpBr (D:5)
  2 minotaur zombies (Crypt:2)
  2 kobold demonologists (D:12)
  19 freezing wraiths
  20 yaktaurs
  12 ice devils (IceCv)
  6 komodo dragons
  2 tengu conjurers (Depths:4)
  An anaconda simulacrum (IceCv)
  A yaktaur skeleton (Vaults:3)
  A harpy zombie (Crypt:3)
  3 spectral harpies (Crypt:3)
  2 polar bears
  A tormentor (D:12)
  A redback zombie (Crypt:1)
  A white draconian skeleton (Crypt:1)
  A bloated husk (Swamp:4)
  A hydra zombie (Crypt:1)
  3 meliai
  6 trolls
  A tarantella (Vaults:2)
  A culicivora zombie (Crypt:1)
  7 tyrant leeches
  8 hornets
  11 blink frogs
  A raiju (shapeshifter) (Elf:2)
  A stone giant simulacrum (Crypt:3)
  49 saltlings (Desolation)
  A harpy skeleton (Volcano)
  A snapping turtle (Snake:2)
  Grinder (D:4)
  An ettin zombie (Crypt:2)
  A hydra skeleton (Crypt:1)
  5 dream sheep (Lair:3)
  2 air elementals
  99 slime creatures
  4 shadows
  2 centaur simulacra
  9 spriggans
  4 water elementals
  3 flying skulls (Volcano)
  A culicivora (shapeshifter) (D:14)
  Eustachio (D:5)
  A fire dragon skeleton (Crypt:1)
  A wyvern (Lair:5)
  2 black mamba zombies (Crypt:2)
  67 yaks
  2 dire elephant simulacra
  An ice dragon skeleton (Crypt:3)
  19 wraiths
  2 fire elementals
  Grum (D:12)
  A steam dragon (D:12)
  5 basilisks
  A golden eye (Slime:5)
  2 redbacks (Vaults:2)
  2 elf skeletons (Vaults:3)
  Menkaure (D:4)
  2 death yak simulacra (IceCv)
  14 vampire mosquitoes
  15 swamp worms
  11 wargs
  A merfolk zombie (Crypt:2)
  2 harpy simulacra
  4 hydra simulacra (IceCv)
  A faun zombie (Crypt:3)
  41 nagas
  21 water moccasins
  An acid dragon (D:12)
  A glowing shapeshifter skeleton (Vaults:3)
  6 swamp drakes
  3 black bears
  25 orc warriors
  2 ice beasts
  An ice dragon simulacrum (Crypt:1)
  19 ogres
  5 human skeletons
  15 wolves
  10 centaurs
  3 phantoms
  3 kobold brigands
  A salamander zombie (Crypt:1)
  An elf zombie (Ossuary)
  9 bullfrogs
  A komodo dragon skeleton (Crypt:2)
  Blork the orc (D:6)
  A scorpion (D:5)
  2 earth elementals
  3 necrophages
  A gnoll sergeant (Orc:1)
  3 cane toad simulacra (IceCv)
  7 wights
  5 elephant simulacra (IceCv)
  A troll skeleton (Volcano)
  17 killer bees
  3 spriggan skeletons
  A yak skeleton (Crypt:3)
  3 electric eels (Lair:1)
  6 howler monkeys
  5 hounds
  A human zombie (Ossuary)
  2 jellies
  39 orc priests
  A bullfrog skeleton (Crypt:3)
  A gnoll bouda (D:6)
  Crazy Yiuf (D:7)
  2 sleepcaps (D:6)
  3 iguanas
  23 orc wizards
  5 polar bear simulacra (IceCv)
  A troll simulacrum (IceCv)
  A spriggan simulacrum (IceCv)
  4 wolf simulacra (IceCv)
  A naga zombie (Crypt:2)
  A tengu zombie (Crypt:1)
  An ogre skeleton (Crypt:3)
  2 naga skeletons
  A hound zombie (Ossuary)
  5 mummies
  Robin (D:4)
  22 gnolls
  4 adders
  3 naga simulacra
  A shadow imp (D:5)
  3 white imps
  4 ufetubi
  A lava snake skeleton (Crypt:2)
  4 dart slugs
  2 worms
  119 orcs
  3 bats
  A bat zombie (Crypt:3)
  8 endoplasms
  2 giant cockroaches
  9 goblins
  14 hobgoblins
  6 quokkas
  9 ball pythons
  3 frilled lizards
  A gnoll zombie (Ossuary)
  A goblin zombie (Ossuary)
  2 jackal zombies (Ossuary)
  21 kobolds
  3 kobold zombies (D:5)
  An orc skeleton (Crypt:2)
  An orc zombie (D:5)
  6 rats (D:1)
  A rat zombie (Ossuary)
2259 creatures vanquished.

Vanquished Creatures (collateral kills)
  A dread lich (Zot:5)
  3 orbs of fire (Zot:5)
  2 Killer Klowns (Zot:5)
  An electric golem (Zot:5)
  4 Orb Guardians (Zot:5)
  2 liches
  2 quicksilver dragons
  A draconian shifter (Zot:4)
  A black draconian (Zot:5)
  A yellow draconian (Zot:4)
  A death yak (Lair:5)
  A swamp dragon (Swamp:4)
  6 shining eyes
  A tormentor (Zot:1)
  A blink frog (Lair:5)
  5 slime creatures
  A large abomination (Zot:1)
  A bullfrog (D:8)
  A river rat (D:8)
  A goblin zombie (Ossuary)
  A hobgoblin zombie (Ossuary)
  A kobold zombie (Ossuary)
  A rat zombie (Ossuary)
40 creatures vanquished.

Vanquished Creatures (others)
  An Orb Guardian (Zot:5)
  11 eldritch tentacles (Zot:5)
  A peacekeeper (Desolation)
  A wizard (Vaults:2)
  Pikel (D:8)
  A deep elf pyromancer (Elf:2)
  A deep elf zephyrmancer (Elf:2)
  A naga mage (Snake:4)
  A killer bee (D:9)
  An elephant simulacrum (IceCv)
  A shadow imp (D:5)
  An orc (Orc:2)
  8 foxfires (Swamp:4)
30 creatures vanquished.

Grand Total: 2329 creatures vanquished

Notes
Turn   | Place    | Note
-------+----------+-------------------------------------------
     0 | D:1      | PaperRat the Spriggan Artificer began the quest for the
                  | Orb.
     0 | D:1      | Reached XP level 1. HP: 9/9 MP: 2/2
   174 | D:1      | Reached skill level 1 in Fighting
   412 | D:1      | Reached XP level 2. HP: 14/14 MP: 3/3
  1000 | D:1      | Identified a scroll of acquirement
  1001 | D:1      | Acquired the +11 hand crossbow of the Evil Eye {penet, rF+
                  | Int+5}
  1033 | D:2      | Reached XP level 3. HP: 18/18 MP: 4/4
  1326 | D:2      | Reached skill level 1 in Ranged Weapons
  1349 | D:2      | Reached XP level 4. HP: 23/23 MP: 5/5
  1536 | D:2      | Found a faded altar of an unknown god.
  2088 | D:3      | Found a hide-covered altar of Uskayaw.
  2180 | D:3      | Found a broken altar of Ashenzari.
  2203 | D:3      | Reached XP level 5. HP: 26/26 MP: 6/6
  2429 | D:3      | Found a burning altar of Makhleb.
  2548 | D:4      | Noticed Robin
  2565 | D:4      | Killed Robin
  2717 | D:4      | Noticed Menkaure
  2719 | D:4      | Killed Menkaure
  2720 | D:4      | Reached skill level 5 in Stealth
  2720 | D:4      | Reached XP level 6. HP: 32/32 MP: 7/7
  2965 | D:4      | Noticed Grinder
  3027 | D:4      | Found an opulent altar of Gozag.
  3027 | D:4      | Found a sacrificial altar of Ru.
  3053 | D:5      | Entered Level 5 of the Dungeon
  3053 | D:5      | Noticed Eustachio
  3086 | D:5      | Found a basalt altar of Yredelemnul.
  3161 | D:5      | Reached XP level 7. HP: 36/36 MP: 8/8
  3174 | D:5      | Reached skill level 5 in Ranged Weapons
  3236 | D:5      | Killed Eustachio
  3310 | D:5      | Found a sand-covered staircase.
  3317 | Ossuary  | Entered an ossuary
  3369 | Ossuary  | Reached XP level 8. HP: 42/42 MP: 9/9
  3580 | D:5      | Found a runed translucent gate.
  3580 | D:5      | Noticed sastreii's ghost (novice OpBr)
  3829 | D:5      | Found a runed translucent gate.
  3830 | D:5      | Found a runed translucent gate.
  3831 | D:5      | Identified the +0 plate armour "Tifrug" {rPois SInv}
  3940 | D:5      | Killed sastreii's ghost
  3941 | D:5      | Reached skill level 5 in Fighting
  4022 | D:6      | Noticed Blork the orc
  4092 | D:6      | Reached XP level 9. HP: 47/47 MP: 10/10
  4187 | D:6      | Found a glowing silver altar of Zin.
  4281 | D:6      | Killed Blork the orc
  4366 | D:6      | Found a blossoming altar of Fedhas.
  4524 | D:6      | Noticed Maggie
  4545 | D:6      | Killed Maggie
  4546 | D:6      | Reached skill level 5 in Dodging
  4671 | D:7      | Found a staircase to the Ecumenical Temple.
  4683 | Temple   | Entered the Ecumenical Temple
  4750 | Temple   | Became a worshipper of Dithmenos the Shadowed
  5191 | D:7      | Reached skill level 10 in Ranged Weapons
  5388 | D:7      | Noticed Joseph
  5393 | D:7      | Killed Joseph
  5512 | D:7      | Reached XP level 10. HP: 53/53 MP: 11/11
  5804 | D:7      | Found a runed translucent door.
  5805 | D:7      | Noticed Crazy Yiuf
  5809 | D:7      | Killed Crazy Yiuf
  5869 | D:8      | Noticed a death yak
  5871 | D:8      | Noticed a death yak
  5893 | D:7      | Killed a death yak
  5945 | D:8      | Noticed a death yak
  5968 | D:7      | Killed a death yak
  5969 | D:7      | Reached skill level 5 in Evocations
  6015 | D:8      | Noticed Pikel
  6043 | D:8      | Your ally Pikel died
  6072 | D:8      | Killed a death yak
  6083 | D:8      | Found a staircase to the Lair.
  6197 | D:8      | Noticed Psyche
  6199 | D:8      | Killed Psyche
  6280 | D:8      | Found a shimmering altar of Xom.
  6282 | D:8      | Found a shimmering altar of Xom.
  6282 | D:8      | Found a shimmering altar of Xom.
  6283 | D:8      | Found a shimmering altar of Xom.
  6283 | D:8      | Found a shimmering altar of Xom.
  6283 | D:8      | Found a shimmering altar of Xom.
  6285 | D:8      | Found a shimmering altar of Xom.
  6286 | D:8      | Found a shimmering altar of Xom.
  6288 | D:8      | Found a shimmering altar of Xom.
  6489 | D:8      | Noticed a cane toad
  6495 | D:8      | a cane toad changed into a faun
  6495 | D:8      | Noticed a faun (shapeshifter)
  6520 | D:8      | Noticed a manticore
  6879 | D:9      | Noticed Grum
  6891 | D:9      | Found Qalibed's Jewellery Shop.
  7049 | D:9      | Reached * piety under Dithmenos
  7283 | D:9      | Found an ornate altar of the Wu Jian Council.
  7349 | D:10     | Entered Level 10 of the Dungeon
  7466 | D:10     | Reached XP level 11. HP: 58/58 MP: 12/12
  7669 | D:10     | Reached skill level 1 in Armour
  7844 | D:10     | Noticed a two-headed ogre
  7872 | D:10     | Killed a two-headed ogre
  8158 | D:10     | Reached ** piety under Dithmenos
  8483 | D:11     | Found a staircase to the Orcish Mines.
  8515 | D:11     | Noticed Josephine
  8545 | D:11     | Killed Josephine
  8552 | D:11     | Reached *** piety under Dithmenos
  8909 | D:12     | Killed Grum
  9009 | D:12     | Found a frozen archway.
  9086 | IceCv    | Entered an ice cave
  9096 | IceCv    | Reached XP level 12. HP: 64/64 MP: 13/13
  9373 | IceCv    | Found an ancient bone altar of Kikubaaqudgha.
  9376 | IceCv    | Reached skill level 5 in Armour
  9516 | IceCv    | Reached **** piety under Dithmenos
 10381 | D:4      | Killed Grinder
 10491 | D:9      | Bought the ring "Ihuam" {Contam AC+4 Str+4} for 687 gold
                  | pieces
 10541 | Lair:1   | Entered Level 1 of the Lair of Beasts
 10552 | Lair:1   | Found an ornate altar of the Wu Jian Council.
 10663 | Lair:1   | Reached skill level 10 in Stealth
 10757 | Lair:1   | Identified the +1 mace of Reinforcement {speed, Str+4
                  | Dex+2}
 11619 | Lair:2   | Noticed a death yak
 11620 | Lair:2   | Noticed a death yak
 11621 | Lair:2   | Reached skill level 10 in Dodging
 11624 | Lair:2   | Noticed a death yak
 11641 | Lair:1   | Killed a death yak
 11642 | Lair:1   | Reached XP level 13. HP: 64/70 MP: 14/14
 11779 | Lair:2   | Found a dark tunnel.
 11781 | Lair:2   | Reached skill level 15 in Ranged Weapons
 11790 | Volcano  | Entered a volcano
 11883 | Volcano  | Reached skill level 1 in Shields
 11968 | Volcano  | Reached ***** piety under Dithmenos
 12500 | Lair:2   | Found a staircase to the Snake Pit.
 12573 | Lair:2   | Reached skill level 10 in Fighting
 13263 | Lair:3   | Found a staircase to the Swamp.
 13828 | Lair:4   | You fall into a shaft and drop 1 floor!
 13828 | Lair:5   | Entered Level 5 of the Lair of Beasts
 13874 | Lair:5   | Reached XP level 14. HP: 77/77 MP: 15/15
 14075 | Lair:5   | Reached skill level 5 in Shields
 14075 | Lair:5   | Reached skill level 10 in Evocations
 14171 | Lair:4   | Reached ****** piety under Dithmenos
 14278 | Lair:4   | Found a viscous altar of Jiyva.
 14278 | Lair:4   | Found a staircase to the Slime Pits.
 15985 | Orc:1    | Entered Level 1 of the Orcish Mines
 16305 | Orc:2    | Entered Level 2 of the Orcish Mines
 16451 | Orc:1    | Reached XP level 15. HP: 80/80 MP: 16/16
 16882 | Orc:2    | Found Edawk's Antique Weapon Boutique.
 16882 | Orc:2    | Found Taretees's Antique Armour Emporium.
 16954 | Orc:2    | Found Miroteuq's Distillery.
 16954 | Orc:2    | Found Muosm's Armour Emporium.
 17039 | Orc:2    | Found a staircase to the Elven Halls.
 17109 | Orc:2    | Found Bauhi's Distillery.
 17112 | Orc:2    | Bought a potion of haste for 160 gold pieces
 17112 | Orc:2    | Bought a potion of cancellation for 128 gold pieces
 17956 | D:13     | Noticed Lodul
 18077 | D:13     | Killed Lodul
 18235 | D:13     | Found a gate to the Vaults.
 18300 | D:13     | Found Anunwug's Pet Rocks.
 19108 | D:14     | Identified the ring "Wotter" {rF+ EV+5 Int+5}
 19433 | D:15     | Entered Level 15 of the Dungeon
 19825 | D:15     | Found a staircase to the Depths.
 20591 | Swamp:1  | Entered Level 1 of the Swamp
 20678 | Swamp:1  | You fall into a shaft and drop 1 floor!
 20688 | Swamp:1  | Reached XP level 16. HP: 61/87 MP: 17/17
 21548 | Swamp:2  | Noticed Donald
 21688 | Swamp:2  | Killed Donald
 22475 | D:9      | Bought a ring of flight for 262 gold pieces
 22805 | Swamp:3  | Identified the +6 short sword of Tewets {venom, rF++}
 23001 | Swamp:4  | Entered Level 4 of the Swamp
 23142 | Swamp:4  | Reached skill level 10 in Shields
 23266 | Swamp:4  | Noticed the 27-headed Lernaean hydra
 23307 | Swamp:4  | Killed the 27-headed Lernaean hydra
 23338 | Swamp:4  | Reached XP level 17. HP: 94/94 MP: 18/18
 23412 | Swamp:4  | Reached skill level 15 in Dodging
 23482 | Swamp:4  | Identified the +8 spear of Gysch {freeze, SInv}
 23754 | Swamp:4  | Got a decaying rune of Zot
 24055 | Lair:2   | Learned a level 3 spell: Inner Flame
 24061 | Lair:2   | Learned a level 5 spell: Summon Mana Viper
 24072 | Snake:1  | Entered Level 1 of the Snake Pit
 24205 | Snake:1  | You fall into a shaft and drop 1 floor!
 26482 | Snake:4  | Entered Level 4 of the Snake Pit
 26674 | Snake:4  | Found Moriaceu's Weapon Shoppe.
 26759 | Snake:4  | Found Dovudy's General Store.
 26768 | Snake:4  | Bought a potion of enlightenment for 60 gold pieces
 26768 | Snake:4  | Bought a potion of haste for 120 gold pieces
 26834 | Snake:4  | Reached XP level 18. HP: 101/101 MP: 19/19
 27623 | Snake:4  | Got a serpentine rune of Zot
 27770 | Snake:4  | Reached skill level 10 in Armour
 28444 | Elf:1    | Entered Level 1 of the Elven Halls
 28505 | Orc:2    | Reached skill level 1 in Spellcasting
 28569 | Elf:1    | Found Xudelu's Armour Emporium.
 28768 | Elf:1    | Noticed Aizul
 28784 | Elf:1    | Killed Aizul
 28803 | Elf:1    | Found Ilut Hip's Magic Scroll Shoppe.
 28806 | Elf:1    | Found Seask's Antique Weapon Emporium.
 28811 | Elf:1    | Bought a scroll of immolation for 68 gold pieces
 28931 | Elf:1    | Got the Essays on Conjuring
 29341 | Elf:1    | Found Izifyx's Antique Armour Shop.
 29358 | Elf:1    | Paralysed by an air elemental for 1 turns
 29738 | Elf:2    | Found a runed translucent gate.
 29738 | Elf:2    | Found a runed translucent gate.
 29738 | Elf:2    | Found a runed translucent gate.
 30287 | Elf:3    | Entered Level 3 of the Elven Halls
 30481 | Elf:3    | Identified the +9 falchion of Giw Nunk {heavy, rPois MP+9}
 30570 | Elf:3    | Reached skill level 5 in Spellcasting
 31242 | Elf:2    | Reached XP level 19. HP: 79/107 MP: 27/27
 32325 | Elf:3    | Identified the +6 battleaxe "Aherhodi" {spect, rC+ MP-9
                  | Int+4}
 32333 | Elf:3    | Identified the amulet "Ehile" {RegenMP -Tele rPois Slay+2}
 33682 | Elf:3    | Identified the +6 spear "Resaf" {heavy, rCorr SInv}
 33687 | Elf:3    | Identified the +6 spear of Saltpetre {flame, rC- rCorr
                  | Str+6}
 33697 | Elf:3    | Identified the staff of poison "Doixty" {rPois Dex+5}
 33719 | Elf:3    | Identified the staff of cold "Dariyref" {rC+ Str+3 Stlth+}
 33724 | Elf:3    | Got Oliroab's Enchiridion on the Boggart and the Rocks
 33728 | Elf:3    | Identified the staff of fire "Wukhohoat" {rF+ Str+5}
 33735 | Elf:3    | Identified the staff of poison "Dalexil" {rPois SInv
                  | Stlth+}
 34724 | Vaults:1 | Entered Level 1 of the Vaults
 34934 | Vaults:1 | Reached skill level 15 in Fighting
 34955 | Vaults:1 | Reached skill level 1 in Hexes
 35195 | Vaults:1 | Reached skill level 1 in Summonings
 36074 | Vaults:1 | Reached skill level 15 in Evocations
 36718 | Vaults:2 | Found Fuseof's Assorted Antiques.
 36722 | Vaults:2 | Bought a wand of iceblast (2) for 158 gold pieces
 36722 | Vaults:2 | Bought a wand of paralysis (3) for 237 gold pieces
 36722 | Vaults:2 | Bought a wand of iceblast (6) for 475 gold pieces
 36785 | Vaults:2 | Reached XP level 20. HP: 100/114 MP: 30/30
 36819 | Vaults:2 | Found a crumbling gateway.
 36879 | Desolati | Entered the Desolation of Salt
 36969 | Desolati | Reached skill level 5 in Hexes
 37147 | Desolati | Found the +6 Majin-Bo {spellvamp, MP+6 Int+6}
 37533 | Desolati | Identified the +3 ring mail of Dedeqese {+Inv Will+}
 37547 | Desolati | Identified the +8 great sword "Iziwyire" {heavy, rN+ Int+4}
 37717 | Desolati | Identified the ring "Fakkore" {Contam rElec rPois rF+++
                  | Int+6 Slay+3}
 37720 | Desolati | Got the Vademecum on the Hurtful Body
 38121 | Desolati | Identified the quicksilver dragon scales of Jigsaw {Will+
                  | Int+3}
 38327 | Vaults:2 | Found Jiuph's Antique Weapon Boutique.
 38478 | Vaults:2 | Found Tadi Zonn's Armour Shop.
 38960 | Vaults:2 | Reached skill level 5 in Summonings
 39078 | Vaults:2 | Found Faod's Weapon Shoppe.
 39634 | Vaults:3 | Noticed Saint Roka
 39641 | Vaults:3 | Killed Saint Roka
 40062 | Vaults:3 | Noticed Asterion
 40064 | Vaults:3 | Noticed Frederick
 40069 | Vaults:3 | Killed Asterion
 40077 | Vaults:3 | Killed Frederick
 40148 | Vaults:3 | Reached XP level 21. HP: 106/121 MP: 31/31
 40600 | Vaults:3 | Found a staircase to the Crypt.
 41031 | Vaults:3 | Learned a level 5 spell: Yara's Violent Unravelling
 42918 | Slime:1  | Entered Level 1 of the Pits of Slime
 43027 | Slime:1  | Reached skill level 1 in Transmutations
 43174 | Slime:2  | Reached skill level 10 in Hexes
 44061 | Slime:3  | Gained mutation: Your spells are a little easier to cast,
                  | but a little less powerful. [a shining eye]
 44376 | Slime:5  | Entered Level 5 of the Pits of Slime
 44441 | Slime:5  | Upgraded the game from 0.31-a0-102-g33a4ccc0cb to
                  | 0.31-a0-108-gdf935468f2
 44788 | Slime:5  | Reached XP level 22. HP: 128/128 MP: 34/34
 44846 | Slime:5  | Paralysed by a formless jellyfish for 1 turns
 44879 | Slime:5  | Reached skill level 5 in Transmutations
 45194 | Slime:4  | Gained mutation: You have hidden genetic defects. [a
                  | shining eye]
 45195 | Slime:4  | Gained mutation: Potions are less effective at restoring
                  | your health. [a shining eye]
 45200 | Slime:4  | Lost mutation: Potions are less effective at restoring your
                  | health. [potion of mutation]
 45200 | Slime:4  | Lost mutation: You have hidden genetic defects. [potion of
                  | mutation]
 45200 | Slime:4  | Lost mutation: Your spells are a little easier to cast, but
                  | a little less powerful. [potion of mutation]
 45200 | Slime:4  | Gained mutation: You occasionally lose the ability to read
                  | scrolls when taking damage. [potion of mutation]
 45202 | Slime:4  | Lost mutation: You occasionally lose the ability to read
                  | scrolls when taking damage. [potion of mutation]
 45202 | Slime:4  | Gained mutation: You have a pair of small antennae on your
                  | head. [potion of mutation]
 45202 | Slime:4  | Gained mutation: You have sharp toenails. [potion of
                  | mutation]
 45450 | Slime:5  | Noticed the Royal Jelly
 45479 | Slime:5  | Killed the Royal Jelly
 45699 | Slime:5  | Identified the staff of cold "Roenaz" {rPois rC+}
 45849 | Slime:5  | Got Ostoajaceg's Precepts of Gusty Vicissitude
 45867 | Slime:5  | Got a slimy rune of Zot
 45939 | Slime:5  | Identified the staff of poison "Jecimukakogg" {rPois rC++}
 46454 | D:13     | Bought a book of Blasting for 600 gold pieces
 46454 | D:13     | Bought a book of Geomancy for 270 gold pieces
 46457 | D:13     | Learned a level 2 spell: Passwall
 46462 | D:13     | Learned a level 4 spell: Iskenderun's Mystic Blast
 46551 | Depths:1 | Entered Level 1 of the Depths
 46660 | Depths:1 | Found a transporter.
 46672 | Depths:1 | Found a transporter.
 46766 | Depths:1 | Found a transporter.
 46791 | Depths:1 | Found a transporter.
 46914 | Depths:1 | Reached skill level 1 in Translocations
 47230 | Depths:1 | Found a gateway to Hell.
 47884 | Depths:2 | Found a transporter.
 47887 | Depths:2 | Found a transporter.
 47917 | Depths:2 | Found a transporter.
 47919 | Depths:2 | Found a transporter.
 48527 | Depths:2 | Found a one-way gate leading to the halls of Pandemonium.
 48783 | Depths:3 | Found a one-way gate to the infinite horrors of the Abyss.
 48811 | Depths:3 | Found a portal to a secret trove of treasure.
 49321 | Depths:3 | Found the +3 pair of seven-league boots {Rampage+∞}
 49398 | Depths:3 | Reached skill level 5 in Translocations
 49609 | Depths:3 | Found a one-way gateway to a ziggurat.
 50102 | Depths:4 | Entered Level 4 of the Depths
 50102 | Depths:4 | Noticed a golden dragon
 50432 | Depths:4 | Killed a golden dragon
 50678 | Depths:4 | Found a gate to the Realm of Zot.
 50772 | Depths:4 | Found an opulent altar of Gozag.
 50851 | Depths:4 | Reached XP level 23. HP: 119/134 MP: 36/36
 50919 | Depths:4 | Found a hazy altar of Hepliaklqana.
 51227 | Depths:4 | Noticed a caustic shrike
 51228 | Depths:4 | Noticed a caustic shrike
 51229 | Depths:4 | Noticed a caustic shrike
 51233 | Depths:4 | Killed a caustic shrike
 51233 | Depths:4 | Killed a caustic shrike
 51233 | Depths:4 | Noticed a caustic shrike
 51238 | Depths:4 | Killed a caustic shrike
 51250 | Depths:4 | Killed a caustic shrike
 51823 | Depths:4 | Found a gate to the Realm of Zot.
 52124 | Depths:4 | Found an opulent altar of Gozag.
 52195 | Depths:4 | Found a hazy altar of Hepliaklqana.
 52809 | Crypt:1  | Entered Level 1 of the Crypt
 54144 | Crypt:2  | Reached skill level 10 in Transmutations
 55087 | Crypt:2  | Found a basalt altar of Yredelemnul.
 55409 | Crypt:2  | Found a basalt altar of Yredelemnul.
 55430 | Crypt:2  | Got the Elucidation of Last Rites
 55436 | Crypt:2  | Got Lumamahi's Omnibus of the Cemetery
 55519 | Crypt:3  | Entered Level 3 of the Crypt
 55549 | Crypt:3  | Reached skill level 10 in Translocations
 55676 | Crypt:3  | Reached skill level 10 in Summonings
 55920 | Crypt:3  | Found a basalt altar of Yredelemnul.
 56242 | Crypt:3  | Acquired the +7 hand crossbow "Newtbane" {penet, *Slow rN+
                  | Will+}
 56565 | Crypt:3  | Reached XP level 24. HP: 139/139 MP: 36/36
 56613 | Crypt:3  | Reached skill level 15 in Translocations
 56928 | Crypt:3  | Learned a level 7 spell: Malign Gateway
 57148 | Crypt:3  | Got the Textbook on Helpful Oxidation
 57149 | Crypt:3  | Identified the +3 triple crossbow of the Purple Skies
                  | {penet, rElec rN+ Will+}
 57262 | Crypt:3  | Got Sif Muna's Omnibus of Necromancy and Accomplices
 57372 | Crypt:3  | Found a staircase to the Tomb.
 57943 | Zot:1    | Entered Level 1 of the Realm of Zot
 58409 | Zot:1    | Learned a level 2 spell: Blink
 58414 | Zot:1    | Learned a level 4 spell: Passage of Golubria
 58420 | Zot:1    | Learned a level 5 spell: Summon Forest
 58836 | Zot:1    | You fall into a shaft and drop 1 floor!
 59092 | Zot:1    | Learned a level 3 spell: Portal Projectile
 59388 | Zot:2    | Reached skill level 10 in Spellcasting
 61344 | Zot:4    | Noticed a Killer Klown
 61492 | Zot:4    | Killed a Killer Klown
 62831 | Zot:5    | Entered Level 5 of the Realm of Zot
 62834 | Zot:5    | Noticed an orb of fire
 62849 | Zot:5    | Killed an orb of fire
 62853 | Zot:5    | Reached XP level 25. HP: 133/144 MP: 22/38
 63986 | Zot:5    | Noticed an orb of fire
 64000 | Zot:5    | Gained mutation: Your magical capacity is low. (-10% MP)
                  | [an orb of fire]
 64004 | Zot:5    | Killed an orb of fire
 64046 | Zot:5    | Noticed an ancient lich
 64061 | Zot:5    | Killed an ancient lich
 64233 | Zot:5    | Noticed an orb of fire
 64234 | Zot:5    | Noticed a dread lich
 64263 | Zot:5    | Gained mutation: You are frail. (-10% HP) [an orb of fire]
 64276 | Zot:5    | Killed an orb of fire
 64436 | Zot:5    | Noticed a Killer Klown
 64459 | Zot:5    | Noticed a Killer Klown
 64476 | Zot:5    | Killed a dread lich
 64488 | Zot:5    | Killed a Killer Klown
 64573 | Zot:5    | Noticed a dread lich
 64586 | Zot:5    | Killed a dread lich
 64634 | Zot:5    | Noticed a Killer Klown
 64655 | Zot:5    | Killed a Killer Klown
 64742 | Zot:5    | Noticed an orb of fire
 64743 | Zot:5    | Noticed an orb of fire
 64751 | Zot:5    | Gained mutation: You are weak. (Str -2) [an orb of fire]
 64757 | Zot:5    | Killed an orb of fire
 64768 | Zot:5    | Reached skill level 15 in Summonings
 64783 | Zot:5    | Killed an orb of fire
 65148 | Zot:5    | Noticed an orb of fire
 65149 | Zot:5    | Noticed a Killer Klown
 65164 | Zot:5    | Gained mutation: You are clumsy. (Dex -2) [an orb of fire]
 65164 | Zot:5    | Gained mutation: You are vulnerable to cold. (rC-) [an orb
                  | of fire]
 65166 | Zot:5    | Killed an orb of fire
 65178 | Zot:5    | Killed a Killer Klown
 65184 | Zot:5    | Killed a Killer Klown
 65566 | Zot:5    | Noticed a Killer Klown
 65586 | Zot:5    | Reached skill level 1 in Invocations
 65589 | Zot:5    | Killed a Killer Klown
 66181 | Zot:5    | Lost mutation: You are vulnerable to cold. (rC-) [potion of
                  | mutation]
 66181 | Zot:5    | Lost mutation: You are clumsy. (Dex -2) [potion of
                  | mutation]
 66181 | Zot:5    | Lost mutation: Your magical capacity is low. (-10% MP)
                  | [potion of mutation]
 66181 | Zot:5    | Gained mutation: You are very frail. (-20% HP) [potion of
                  | mutation]
 66182 | Zot:5    | Lost mutation: You have a pair of small antennae on your
                  | head. [potion of mutation]
 66182 | Zot:5    | Lost mutation: You are weak. (Str -2) [potion of mutation]
 66182 | Zot:5    | Lost mutation: You have sharp toenails. [potion of
                  | mutation]
 66182 | Zot:5    | Gained mutation: Your mind is acute. (Int +4, Str/Dex -1)
                  | [potion of mutation]
 66183 | Zot:5    | Lost mutation: Your mind is acute. (Int +4, Str/Dex -1)
                  | [potion of mutation]
 66183 | Zot:5    | Lost mutation: You are very frail. (-20% HP) [potion of
                  | mutation]
 66183 | Zot:5    | Gained mutation: Your spells are a little harder to cast,
                  | but a little more powerful. [potion of mutation]
 66183 | Zot:5    | Gained mutation: You are partially covered in iridescent
                  | scales. (AC +2) [potion of mutation]
 66183 | Zot:5    | Gained mutation: You passively map a small area around you.
                  | [potion of mutation]
 66183 | Zot:5    | Gained mutation: You are mostly covered in iridescent
                  | scales. (AC +4) [potion of mutation]
 66223 | Zot:5    | Got the Orb of Zot
 66333 | Zot:5    | Noticed a seraph
 66344 | Zot:4    | Noticed Haudij the pandemonium lord
 66468 | Zot:1    | Reached skill level 15 in Stealth
 66731 | D:8      | Noticed Samna the pandemonium lord
 66891 | D:$      | Escaped with the Orb!

Illustrated notes

Levels and vault maps discovered:
D:1:      minmay_arrival_pointy, layout_loops_ring
D:2:      minmay_recursive_quarters, layout_basic,
          dreamdust_ecumenical_altar_grove
D:3:      layout_basic, mainiacjoe_overflow_small_starburst,
          lightli_temple_of_fire, nicolae_uskayaw_murder_on_the_dancefloor
D:4:      layout_cave_pools, gammafunk_temple_overflow_statue, serial_glass,
          glass_columns_a, glass_columns_b, glass_columns_c, glass_columns_a,
          glass_columns_a, glass_columns_c, glass_columns_b, glass_columns_b,
          glass_columns_c, glass_columns_c, glass_columns_b, glass_columns_a,
          glass_columns_a, glass_columns_a, chequers_avenue, uniq_robin,
          uniq_menkaure, uniq_grinder
D:5:      layout_rooms, mainiacjoe_overflow_alcove_1,
          nicolae_ossuary_entry_ruins, biasface_ghost_orc_armoury,
          minmay_mini_ossuary, uniq_eustachio
D:6:      layout_cave_pools, mainiacjoe_overflow_catwalk,
          mainiacjoe_overflow_cross_hatched, uniq_maggie, uniq_blork_the_orc
D:7:      layout_basic, minmay_temple_entry_proselytizer,
          uniq_crazy_yiuf_cottage, uniq_joseph
D:8:      layout_basic, xom_shifter_show, dpeg_lair_monsters, chequers_jeans,
          uniq_psyche, uniq_pikel
D:9:      layout_gridville, nzn_wu_jian_council_hall, serial_shops,
          nicolae_stop_n_shop_2, serial_bayou_pond_e, minmay_holes, uniq_grum
D:10:     layout_loops_ring
D:11:     layout_cave_pools, david_orc_4, corexii_checkpoint_a, uniq_josephine
D:12:     layout_rooms, portal_ice_cave_rime, nooodl_orcs_dogs
D:13:     layout_cave_pods, david_vaults_1, hex_tiny, guppyfry_shop_earth,
          uniq_lodul
D:14:     layout_roguey, serial_bayou_lagoon_a, kennysheep_generic_room_14
D:15:     hangedman_depths_entry_civil_slaughter, layout_loops_ring,
          minmay_misc_feat_enclosed, small_statue_intersection
Temple:   minmay_temple_forest_path
Lair:1:   layout_gridlike, basic_altar, chequers_serial_rivers_micro_e,
          beast_lair_carwin_5, serial_bayou_shore_b, serial_bayou_shore_a
Lair:2:   layout_loops_ring, minmay_snake_entry_guardpost_large,
          enter_volcano_1, lemuel_fruit_fields
Lair:3:   layout_small_grid, skrybe_swamp_entry_bodies,
          infiniplex_staircase_pool_2, lemuel_fruit_tree
Lair:4:   layout_hall_layers, dpeg_slime_entry_enclosed
Lair:5:   evilmike_catoblepas_cave, layout_regular_city
Swamp:1:  layout_falls_marsh, evilmike_swamp_ruin_house_6, swamp_pool3,
          infiniplex_staircase_pool
Swamp:2:  layout_falls_marsh, evilmike_swamp_ruin_house_1, uniq_donald
Swamp:3:  layout_falls_marsh, evilmike_swamp_ruin_rubble_1
Swamp:4:  swamp_vile, layout_basic_swamp, swamp_pool5, nzn_swamp_dancing_lights
Snake:1:  layout_rooms, drop_trap, dpeg_stationary_puzzle
Snake:2:  layout_cave_shapes, grunt_megastairs_5
Snake:3:  layout_chambers
Snake:4:  grunt_snake_rune_spirals, layout_concentric_octagons, serial_shops,
          shop, shop_fountains, grunt_ministairs_2, nicolae_snake_springs
Slime:1:  layout_caves
Slime:2:  layout_caves, nicolae_slime_barrier
Slime:3:  layout_caves, nicolae_slime_welcoming_committee
Slime:4:  layout_caves, nicolae_slime_round_cave, uniq_dissolution
Slime:5
Orc:1:    layout_caves, rock_pile
Orc:2:    st_orc_town, layout_diamond_mine, serial_shops, shop, minmay_orc_keep
Elf:1:    eino_elf_arrival_shootout, layout_gridlike, serial_shops, shop,
          minmay_elf_annihilation, minmay_shop_star, uniq_aizul
Elf:2:    elven_hall_of_blades_hangedman_original
          [nicolae_blade_entry_hurt_lockers], layout_geoelf_octagon,
          minmay_misc_feat_cross
Elf:3:    minmay_elf_hall_circle, layout_loops_cross
Vaults:1: nicolae_vaults_network_star, vaults_dpeg_ring,
          nicolae_vaults_variable_pillar_hall, st_check,
          nicolae_vaults_apartment_1, v_misc_27,
          nicolae_vaults_mini_display_case, nicolae_vaults_network_square,
          nicolae_vaults_little_squares_6, v_misc_25, layout_vaults_omnicross
Vaults:2: portal_desolation_entry_nicolae_slug, nicolae_vaults_network_quincunx
          [nicolae_vaults_network_quincunx_subvault,
          nicolae_vaults_network_quincunx_subvault,
          nicolae_vaults_network_quincunx_subvault,
          nicolae_vaults_network_quincunx_subvault,
          nicolae_vaults_network_quincunx_subvault],
          nicolae_vaults_more_shelving_1, nicolae_vaults_tetromino_L_1,
          v_misc_15, nicolae_vaults_octothorpe, v_misc_22, v_misc_16,
          nicolae_vaults_closet_pinwheel_1, hangedman_vaults_stitches,
          vaults_room_fancy_cross, hangedman_vaults_unwind,
          nicolae_vaults_surprise_closet, nicolae_vaults_tetromino_L_1,
          layout_vaults_maze, serial_shops, shop, shop, nicolae_square_shop,
          shop
Vaults:3: ontoclasm_vaults_bender, minmay_crypt_entry_skeletal_spiral, st_lines,
          nicolae_vaults_double_plus_3, vaults_mumra_minichess,
          ontoclasm_vaults_twist, vaults_mumra_minichess_inversion,
          hangedman_vaults_maws, grunt_vaults_focal,
          nicolae_vaults_angled_halls, nicolae_vaults_apartment_2,
          vaults_room_stairs_pillars, layout_vaults_big_room, uniq_saint_roka,
          uniq_frederick, uniq_asterion
Vaults:4: vaults_room_stairs_pillars, v_misc_3,
          nicolae_vaults_closet_pinwheel_1, v_pattern_4,
          vaults_standard_mumra_enter_the_diamond,
          nicolae_vaults_storage_closets_2, kb_rosetta,
          nicolae_vaults_tetromino_L_2, ontoclasm_vaults_ring_small,
          nicolae_vaults_yaktaur_gun_rack, nicolae_vaults_shelves_hall,
          layout_vaults_omnigrid
Crypt:1:  statuecave_lemuel, layout_catacombs, grunt_crypt_arrival_webbed,
          grunt_megastairs_4, lemuel_upstairs_altar
Crypt:2:  layout_rooms, hangedman_crypt_dual_shrines,
          roderic_lattice_octagonal_star
Crypt:3:  due_elkab, layout_chaotic_city, tomb_entry_forgotten_bobbens,
          basic_altar, minivault_25
Depths:1: layout_honeycomb, hell_entry, corexii_leaking_fountain,
          nicolae_transporter_circle
Depths:2: kennysheep_ogre_elephant_herders, layout_gridville,
          kennysheep_cluttered_room, pf_coc_iceberg, pan_entry,
          nicolae_diode_quadrants
Depths:3: minmay_the_grid_square_5x5_3x3 [minmay_the_grid_square_5x5_tie,
          minmay_the_grid_square_5x5_three, minmay_the_grid_square_5x5_minimal,
          minmay_the_grid_square_5x5_minivault,
          minmay_the_grid_square_5x5_megaprize_hollow,
          minmay_the_grid_square_5x5_z,
          minmay_the_grid_square_5x5_almost_minimal,
          minmay_the_grid_square_5x5_fancy_junction,
          minmay_the_grid_square_5x5_trominoes], layout_gridlike,
          enter_ziggurat_d, hell_entry, enter_trove_0, abyss_entry, minivault_21
Depths:4: evilmike_zot_entry_diamond, layout_gridlike, abyss_entry,
          nicolae_hepliaklqana_hippocampus, grunt_mini_vestibule,
          nicolae_twisting_strands, grunt_gozag_breadcrumbs, uniq_grunn
Zot:1:    layout_onion_interference
Zot:2:    layout_misc_corridors, bh_zot_ikea_curve, grunt_ministairs_12,
          grunt_megastairs_1
Zot:3:    layout_cathedral_of_symmetry, grunt_megastairs_2
Zot:4:    layout_concentric_octagons
Zot:5:    layout_cathedral_of_symmetry

Skill      XL: |  1  2  3  4  5  6  7  8  9 10 11 12 13 14 15 16 17 18 19 20 21 22 23 24 25 |
---------------+----------------------------------------------------------------------------+-----
Fighting       | 1 2 3 4 5 6 7 8 9 10 11 12 13 14 15 16 18 19 | 19.0
Stealth        | 3 4 5 6 8 10 12 14 15 | 15.1
Ranged Weapons | 1 2 3 4 6 8 10 12 13 14 16 17 18 19 20 | 20.0
Dodging        | 4 6 8 10 12 14 17 18 20 | 20.0
Evocations     | 6 8 9 10 12 13 15 16 18 19 20 | 20.0
Armour         | 4 5 6 8 10 | 10.0
Shields        | 4 7 8 10 | 10.0
Spellcasting   | 5 6 7 8 10 | 10.0
Hexes          | 4 8 10 11 12 | 12.0
Summonings     | 3 5 7 8 10 12 16 | 16.0
Transmutations | 4 8 10 | 10.0
Translocations | 6 14 20 | 20.0
Invocations    | 3 |  3.6

Action                     |  1- 3 |  4- 6 |  7- 9 | 10-12 | 13-15 | 16-18 | 19-21 | 22-24 | 25-27 || total
---------------------------+-------+-------+-------+-------+-------+-------+-------+-------+-------++-------
  Melee: Whip              |    72 |       |       |       |       |       |       |       |       ||    72
         Punch             |     1 |       |       |       |       |       |       |       |       ||     1
   Fire: Hand crossbow     |    25 |    89 |   187 |   440 |  1018 |  1307 |  1533 |  1795 |   436 ||  6830
  Throw: Dart              |       |       |     3 |       |     5 |     9 |     5 |    11 |     1 ||    34
         Throwing net      |       |       |       |       |       |       |       |     1 |       ||     1
   Cast: Summon Mana Viper |       |       |       |       |       |       |     4 |    13 |    14 ||    31
         Passwall          |       |       |       |       |       |       |       |     3 |     1 ||     4
         Yara's Violent Un |       |       |       |       |       |       |       |    20 |     3 ||    23
         Inner Flame       |       |       |       |       |       |       |       |     2 |       ||     2
         Portal Projectile |       |       |       |       |       |       |       |     3 |    11 ||    14
         Malign Gateway    |       |       |       |       |       |       |       |       |    12 ||    12
  Evoke: Wand              |     3 |     1 |    10 |     8 |     5 |    26 |    22 |    27 |    13 ||   115
         Phantom mirror    |       |       |       |       |       |     3 |       |     1 |       ||     4
         Lightning rod     |       |       |       |       |       |     2 |     8 |     8 |       ||    18
         Tin of tremorston |       |       |       |       |       |     2 |     6 |     7 |       ||    15
         Phial of floods   |       |       |       |       |       |     1 |       |       |       ||     1
         Box of beasts     |       |       |       |       |       |       |       |       |     2 ||     2
    Use: Scroll            |     5 |     3 |    14 |     9 |     4 |    12 |    11 |     6 |     3 ||    67
         Potion            |       |       |       |       |     1 |     3 |     5 |     8 |     9 ||    26
   Stab: Sleeping          |     2 |       |       |       |       |       |       |       |       ||     2
         Distracted        |     1 |       |       |       |       |       |       |       |       ||     1
 Armour: Robe              |     4 |       |     2 |     3 |       |       |       |       |       ||     9
         Acid dragon scale |       |       |       |     6 |    50 |    13 |       |       |       ||    69
         Swamp dragon scal |       |       |       |       |       |    38 |    12 |       |       ||    50
         Quicksilver drago |       |       |       |       |       |       |    53 |   100 |    19 ||   172
         Skin              |       |       |       |       |       |       |       |     3 |       ||     3
  Dodge: Dodged            |    54 |     6 |    50 |   102 |   333 |   475 |   477 |   607 |   120 ||  2224
         Repelled          |       |       |       |     1 |     3 |    16 |    12 |    46 |    10 ||    88
  Block: Buckler           |       |       |       |       |    89 |   198 |   386 |   432 |    77 ||  1182
         Reflection        |       |       |       |       |       |    12 |    48 |    12 |     3 ||    75

Table legend: (Time is in decaauts)
 A = Elapsed time spent in this place.
 B = Non-inter-level travel time spent in this place.
 C = Inter-level travel time spent in this place.
 D = Time resting spent in this place.
 E = Time spent auto-exploring this place.
 F = Levels seen in this place.
 G = Mean time per level.
                   A        B        C        D        E       F      G
               +--------+--------+--------+--------+--------+-----+--------+
         Total |  49710 |  45767 |   3943 |   9224 |  16610 |  59 |  842.5 |
       Dungeon |   9488 |   8006 |   1482 |    588 |   3238 |  15 |  632.5 |
        Temple |     76 |     42 |     34 |      0 |     34 |   1 |   76.0 |
          Lair |   3855 |   3371 |    484 |    158 |   1812 |   5 |  771.0 |
         Swamp |   2418 |   2193 |    225 |    175 |    771 |   4 |  604.5 |
     Snake Pit |   2910 |   2706 |    204 |     82 |   1153 |   4 |  727.5 |
    Slime Pits |   2817 |   2714 |    103 |   1276 |    160 |   5 |  563.4 |
  Orcish Mines |   1015 |    909 |    106 |     53 |    421 |   2 |  507.5 |
   Elven Halls |   4365 |   4203 |    162 |    739 |   2086 |   3 | 1455.0 |
        Vaults |   5248 |   4841 |    407 |    774 |   2204 |   4 | 1312.0 |
         Crypt |   3713 |   3548 |    165 |    922 |   1123 |   3 | 1237.7 |
        Depths |   4941 |   4610 |    331 |   1386 |   2028 |   4 | 1235.2 |
           Zot |   6614 |   6376 |    238 |   2689 |   1387 |   5 | 1322.8 |
       Ossuary |    164 |    164 |      0 |      0 |     59 |   1 |  164.0 |
      Ice Cave |    716 |    716 |      0 |    141 |     54 |   1 |  716.0 |
       Volcano |    287 |    287 |      0 |      4 |      0 |   1 |  287.0 |
    Desolation |   1076 |   1076 |      0 |    233 |     72 |   1 | 1076.0 |
               +--------+--------+--------+--------+--------+-----+--------+

Top non-repeatable levels by time:
   Zot:5: 3059 daAuts
   Elf:3: 2774 daAuts
Depths:4: 1904 daAuts
Vaults:1: 1654 daAuts
Vaults:3: 1635 daAuts
 Crypt:3: 1564 daAuts
 Slime:5: 1395 daAuts
Depths:1: 1290 daAuts
   Zot:4: 1234 daAuts
Vaults:4: 1194 daAuts
 Snake:4: 1150 daAuts
 Crypt:1: 1133 daAuts
Desolation: 1076 daAuts
 Crypt:2: 1016 daAuts
   Zot:3: 1014 daAuts
